 Dungeon Crawl Stone Soup version 0.16-a0-4083-g5af668b (console) character file.

167 mauris the Skirmisher (level 5, -10/48 HPs)
             Began as a Hill Orc Abyssal Knight on Feb 22, 2015.
             Was a Believer of Lugonu.
             Mangled by an ogre
             ... wielding a +0 giant spiked club
              (19 damage)
             ... on level 4 of the Dungeon.
             The game lasted 00:07:43 (4641 turns).

mauris the Skirmisher (Hill Orc Abyssal Knight)     Turns: 4641, Time: 00:07:43

Health: -10/48     AC: 10    Str: 16    XL:     5   Next: 48%
Magic:  9/9        EV: 10    Int: 12    God:    Lugonu [**....]
Gold:   154        SH:  0    Dex: 10    Spells: 0 memorised, 4 levels left

rFire  + . .     SeeInvis .     a - +1 hand axe
rCold  . . .     Clarity  .     k - +4 ring mail
rNeg   . . .     SustAb   .     (no shield)
rPois  .         Gourm    .     j - +0 helmet
rElec  .         Spirit   .     (no cloak)
rCorr  .         Warding  .     (no gloves)
rMut   .         Stasis   .     (no boots)
MR     .....                    (no amulet)
Stlth  ..........               (no ring)
                                m - ring of wizardry

@: not resistant to hostile enchantments, extremely unstealthy
A: fire resistance 1
a: Depart the Abyss, Bend Space, Renounce Religion


You were on level 4 of the Dungeon.
You worshipped Lugonu.
Lugonu was pleased with you.
You were not hungry.

You visited 1 branch of the dungeon, and saw 4 of its levels.
You visited the Abyss 1 time.

You collected 154 gold pieces.

Inventory:

Hand weapons
 a - a +1 hand axe (weapon)
Armour
 j - a +0 helmet (worn)
 k - a +4 ring mail (worn)
Jewellery
 m - a ring of wizardry (left hand)
Magical devices
 g - a wand of random effects (10)
Scrolls
 e - a scroll of teleportation {@r4}
 f - a scroll of magic mapping {unknown}
 h - a scroll of recharging {unknown}
 n - 4 scrolls of identify {@r1}
 q - a scroll of fear {unknown}
Potions
 d - a potion of mutation {!q}
 i - a potion of cancellation
 l - a potion of brilliance
 o - a potion of agility
Comestibles
 b - 4 chunks of flesh
 c - 5 meat rations
 p - a slice of pizza
 r - a beef jerky


   Skills:
 + Level 5.0 Fighting
 + Level 3.8 Axes
 + Level 3.6 Armour
 - Level 1.0 Dodging
 - Level 4.0 Invocations


You had 4 spell levels left.
You didn't know any spells.

Dungeon Overview and Level Annotations

Branches:
Dungeon (4/15)
 Temple: D:4-7

Altars:
Dithmenos
Qazlal
Sif Muna
Zin
The Shining One

Annotations:
D:2 exclusion: moth of wrath
D:3 Sigmund


Innate Abilities, Weirdness & Mutations

Your flesh is heat resistant.


Message History

The ogre completely misses you.
You barely miss the ogre.
The ogre is moderately wounded.
The ogre misses you.
You hit the ogre.
The ogre is heavily wounded.
The ogre closely misses you.
You hit the ogre.
The ogre is severely wounded.
The ogre hits you with a giant spiked club!
Huge Dmg: -25%(-12hp) hp: 65%(31hp)
You hit the ogre but do no damage.
The ogre is severely wounded.
You hit the ogre but do no damage.
The ogre is severely wounded.
The ogre hits you with a giant spiked club!!
* * * LOW HITPOINT WARNING * * *
Huge Dmg: -48%(-23hp) hp: 17%(8hp)
The ogre hits you with a giant spiked club!!
You die...

###### #....#
+### #....#.....#
#....#.8.8.# ##
##<...'.._..+
...###
#.....#.8.8.#
#....###.))..#
....# #...@O....#
+### ###.##....#
#........#
#.............
..........######.
..........#
..........#
..#####..# # ..##


You could see an ogre.

Vanquished Creatures
  4 adders (D:3)
  6 gnolls
  A worm (D:2)
  4 giant geckos
  An ooze (D:3)
  5 orcs
  A ball python (D:3)
  2 giant cockroaches
  8 goblins
  5 hobgoblins
  8 jackals
  6 kobolds
  A quokka (D:2)
  5 bats
  A giant newt (D:2)
  7 rats
65 creatures vanquished.

Notes
Turn   | Place    | Note
--------------------------------------------------------------
     0 | Abyss:1  | mauris, the Hill Orc Abyssal Knight, began the quest for the Orb.
     0 | Abyss:1  | Reached XP level 1. HP: 19/19 MP: 1/1
    34 | Abyss:1  | Noticed a sixfirhy
    39 | D:1      | Escaped the Abyss
    79 | D:1      | Huge Dmg: 4 Dmg
   402 | D:1      | Huge Dmg: 3 Dmg
   402 | D:1      | Reached XP level 2. HP: 13/27 MP: 2/2
   578 | D:2      | Acquired Lugonu's first power
   660 | D:1      | Reached skill level 1 in Dodging
  1200 | D:2      | Reached skill level 4 in Fighting
  1205 | D:2      | Reached XP level 3. HP: 19/33 MP: 5/5
  1210 | D:2      | Huge Dmg: 5 Dmg
  1494 | D:2      | Found a shadowy altar of Dithmenos.
  1564 | D:2      | Huge Dmg: 6 Dmg
  1730 | D:2      | Huge Dmg: 8 Dmg
  1732 | D:2      | Huge Dmg: 5 Dmg
  1759 | D:1      | Huge Dmg: 6 Dmg
  2201 | D:2      | Gained mutation: Your flesh is heat resistant. [potion of beneficial mutation]
  2540 | D:2      | Noticed a moth of wrath
  2635 | D:2      | Found a deep blue altar of Sif Muna.
  2680 | D:3      | Noticed Sigmund
  2753 | D:2      | Reached XP level 4. HP: 31/40 MP: 7/7
  2852 | D:2      | Huge Dmg: 8 Dmg
  2853 | D:2      | Huge Dmg: 11 Dmg
  2877 | D:2      | Huge Dmg: 13 Dmg
  3181 | D:2      | Huge Dmg: 10 Dmg
  3184 | D:2      | Huge Dmg: 9 Dmg
  3536 | D:3      | Huge Dmg: 15 Dmg
  3907 | D:2      | Huge Dmg: 7 Dmg
  3914 | D:2      | Huge Dmg: 5 Dmg
  4194 | D:3      | Acquired Lugonu's second power
  4194 | D:3      | Reached XP level 5. HP: 44/47 MP: 9/9
  4506 | D:3      | Found a glowing silver altar of Zin.
  4506 | D:3      | Found a glowing golden altar of the Shining One.
  4611 | D:4      | Reached skill level 5 in Fighting
  4625 | D:4      | Found a stormy altar of Qazlal.
  4625 | D:4      | Noticed an ogre
  4632 | D:4      | Huge Dmg: 12 Dmg
  4634 | D:4      | Huge Dmg: 23 Dmg
  4641 | D:4      | Mangled by an ogre

Action                   |  1- 3 |  4- 6 || total
-------------------------+-------+-------++-------
Melee: Hand axe          |   139 |   125 ||   264
Invok: Depart the Abyss  |     1 |       ||     1
       Bend Space        |       |     1 ||     1
  Use: Scroll            |     6 |     1 ||     7
       Potion            |     1 |     1 ||     2
  Eat: Chunk             |     6 |     2 ||     8
       Bread ration      |       |     1 ||     1

Vault maps used:
D:1:      shiori_shiawase, minmay_misc_feat_square
D:2:      led_sif_pool, nicolae_overflow_crystal_walls, tgw_trog, first_bread
D:3:      gammafunk_temple_overflow_wave, st_stairs_2, uniq_sigmund
D:4:      kennysheep_little_box, gammafunk_temple_overflow_forgotten,
          nicolae_ossuary_entry_catacombs, minmay_mini_jars, uniq_menkaure
